 Seeded DCSS version 0.30.1-6-gbe392663c4 (webtiles) character file.

Game seed: 1416809328348268147 (custom seed)

361 Psyclone the Ducker (level 6, 44/44 HPs)
             Began as a Deep Elf Ice Elementalist on Sept 20, 2023.
             Was an Initiate of Gozag.
             Quit the game on level 3 of the Dungeon.
             The game lasted 00:07:54 (2101 turns).

Psyclone the Ducker (Deep Elf Ice Elementalist)     Turns: 2101, Time: 00:07:55

Health: 44/44      AC:  2    Str:  5    XL:     6   Next: 38%
Magic:  12/13      EV: 16    Int: 28    God:    Gozag
Gold:   95         SH:  0    Dex: 15    Spells: 5/12 levels left

rFire   + . .        j - +0 dagger
rCold   + . .        (no shield)
rNeg    . . .        a - +0 robe
rPois   .            (no helmet)
rElec   .            g - scarf {rC+ rF+}
rCorr   .            (no gloves)
SInv    .            (no boots)
Will    .....        (no amulet)
Stlth   ++           d - +6 ring of intelligence
HPRegen 0.27/turn    (no ring)
MPRegen 0.13/turn

%: no passive effects
@: no status effects
A: no striking features
a: Renounce Religion, Potion Petition, Call Merchant, Bribe Branch


You were on level 3 of the Dungeon.
You worshipped Gozag.
Gozag was noncommittal.
You visited 1 branch of the dungeon, and saw 6 of its levels.

You collected 204 gold pieces.
You paid 109 gold pieces to Gozag.

Inventory:

Hand Weapons
 j - a +0 dagger (weapon)
Missiles
 k - a throwing net {!f}
Armour
 a - a +0 robe (worn)
 g - a scarf of resistance (worn)
Jewellery
 d - a +6 ring of intelligence (left hand)
Scrolls
 c - 7 scrolls of identify {unknown}
 f - a scroll of enchant armour {unknown}
 h - 3 scrolls of teleportation {unknown}
Potions
 b - a potion of magic
 e - a potion of lignification {unknown}
 i - a potion of haste {unknown}


   Skills:
 - Level 7.0 Fighting
 - Level 7.9 Dodging
 - Level 3.2 Stealth
 - Level 3.7 Spellcasting
 + Level 6.2 Ice Magic


You had 5 spell levels left.
You knew the following spells:

 Your Spells              Type           Power      Damage    Failure   Level
a - Freeze                Ice            100%       1d10      1%          1
b - Frozen Ramparts       Ice            80%        1d13      1%          3
c - Ozocubu's Armour      Ice            40%        N/A       1%          3

Your spell library contained the following spells:

 Spells                   Type           Power      Damage    Failure   Level
 Summon Ice Beast         Ice/Summ       22%        N/A       22%         4


Dungeon Overview and Level Annotations

Branches:
Dungeon (6/15) Zot: 26567
 Temple: D:4-7

Altars:
Gozag
Nemelex Xobeh
Wu Jian


Message History

Aim: an orc priest, wielding a +0 mace of holy wrath (lightly wounded)
You freeze the orc priest!
The orc priest is severely wounded.
The wall freezes the orc priest!
You kill the orc priest!
You now have 9/13 mp.
The orc shouts!
The wall freezes the orc.
The wall freezes the orc.
The orc hits you with a +0 morningstar.
You take 4 damage, and have 40/44 hp.
Casting: Freeze (safe; 1% risk of failure)
Confirm with . or Enter, or press ? or * to list all spells.
Aiming: Freeze (safe; 1% risk of failure)
Press: ? - help, Shift-Dir - straight line, f - orc
Aim: an orc, wielding a +0 morningstar (heavily wounded)
You freeze the orc.
You kill the orc!
Casting: Freeze (safe; 1% risk of failure)
Confirm with . or Enter, or press ? or * to list all spells.
You can't see any susceptible monsters within range! (Use Z to cast anyway.) Unknown command.
The frozen ramparts melt away as you move.
You now have 64 gold pieces (gained 17).
Things that are here:
a +0 morningstar; a +0 mace of holy wrath You now have 71 gold pieces (gained 7).
You see here a +0 trident.
Found 3 javelins.
You now have 78 gold pieces (gained 7).
You now have 95 gold pieces (gained 17).
Health restored: 44 An adder comes into view.
Found an ornate altar of the Wu Jian Council.
l - a scroll labelled YCSUYM IZEKESK You drop a scroll labelled YCSUYM IZEKESK.
Found 7 gold pieces.
(D) Dungeon
Where to? (Enter - D:3, ? - help)
Okay, then.
Are you sure you want to abandon this character and quit the game? (Confirm with "yes".)

.8..S##....# #...##.#
..._..#....# #.#...
#....#....# ##.#.#
#.♣.#....# #....#
#...#....###.#.#
#.(.#....)##)#.######
#..........)........#
#.......#...........#
#..?......@.........#
#..............######
#........#####.#
#.......## #.#
#####..## #.# #..#
####.### #$..#
#......# ..#.#
#.....<# #......#


There were no monsters in sight!

Vanquished Creatures
  A centaur (D:4)
  A howler monkey (D:4)
  A hound (D:6)
  An orc priest (D:3)
  A sleepcap (D:4)
  3 adders
  3 gnolls (D:5)
  An ufetubus (D:6)
  A worm (D:2)
  4 orcs
  3 ball pythons
  2 bats
  3 endoplasms
  A giant cockroach (D:1)
  3 goblins (D:2)
  3 hobgoblins
  3 jackals (D:1)
  A quokka (D:2)
  2 frilled lizards (D:2)
  3 kobolds
  2 rats
43 creatures vanquished.

Notes
Turn   | Place    | Note
-------+----------+-------------------------------------------
     0 | D:1      | Psyclone the Deep Elf Ice Elementalist began the quest for
                  | the Orb.
     0 | D:1      | Reached XP level 1. HP: 10/10 MP: 6/6
     0 | D:1      | Noticed a minotaur
     0 | D:1      | Noticed a gargoyle
     5 | D:1      | Noticed an elf
     7 | D:1      | Noticed a dwarf
     8 | D:1      | Noticed a vine stalker
     9 | D:1      | Noticed a dwarf
    11 | D:1      | Noticed an octopode
    11 | D:1      | Noticed an elf
    13 | D:1      | Noticed an octopode
    15 | D:1      | Noticed a demigod
    15 | D:1      | Noticed a gargoyle
    18 | D:1      | Noticed a demonspawn
    20 | D:1      | Noticed a vampire
    20 | D:1      | Noticed an octopode
   515 | D:1      | Reached XP level 2. HP: 15/15 MP: 6/8
   989 | D:2      | Reached XP level 3. HP: 19/19 MP: 8/10
  1010 | D:2      | Found a sparkling altar of Nemelex Xobeh.
  1145 | D:2      | Learned a level 3 spell: Frozen Ramparts
  1149 | D:2      | Learned a level 3 spell: Ozocubu's Armour
  1246 | D:3      | Reached XP level 4. HP: 34/34 MP: 11/11
  1319 | D:4      | Reached skill level 5 in Ice Magic
  1319 | D:4      | Reached XP level 5. HP: 38/38 MP: 4/12
  1376 | D:4      | Noticed a centaur
  1382 | D:4      | Killed a centaur
  1593 | D:5      | Entered Level 5 of the Dungeon
  1624 | D:5      | Reached XP level 6. HP: 40/44 MP: 6/13
  1891 | D:6      | Found an opulent altar of Gozag.
  1897 | D:6      | Became a worshipper of Gozag Ym Sagoz the Greedy
  2091 | D:3      | Found an ornate altar of the Wu Jian Council.
  2101 | D:3      | Quit the game

Illustrated notes

Levels and vault maps discovered:
D:1:      shiori_arrival_whats_in_store_for_you, layout_basic
D:2:      layout_rooms, serial_shops, shop, basic_altar
D:3:      layout_rooms, lemuel_tele_altar, nicolae_overflow_hallway_of_the_gods,
          chequers_serial_rivers_small_3
D:4:      layout_cave_pods, serial_shops, kennysheep_mini, uniq_duvessa
D:5:      layout_basic
D:6:      layout_layer_cave, grunt_gozag_statues

Skill      XL: |  1  2  3  4  5  6 |
---------------+-------------------+-----
Stealth        | 3 |  3.2
Dodging        | 3 7 |  7.9
Fighting       | 7 |  7.0
Ice Magic      | 5 6 |  6.2
Spellcasting   | |  3.7

Action                     |  1- 3 |  4- 6 || total
---------------------------+-------+-------++-------
  Melee: Unarmed           |    11 |       ||    11
         Dagger            |     1 |    15 ||    16
         Punch             |       |     1 ||     1
   Cast: Freeze            |    32 |    10 ||    42
         Frozen Ramparts   |     1 |    10 ||    11
         Ozocubu's Armour  |       |     6 ||     6
    Use: Potion            |     1 |       ||     1
 Armour: Robe              |     7 |     5 ||    12
  Dodge: Dodged            |    28 |    32 ||    60
